 Dungeon Crawl Stone Soup version 0.26-a0-84-g8c18429 (webtiles) character file.

Game seed: 9501830181098606572

32 AcesWolf the Skirmisher (level 3, -6/29 HPs)
             Began as a Demonspawn Berserker on June 21, 2020.
             Was a Believer of Trog.
             Mangled by a worm (7 damage)
             ... on level 2 of the Dungeon.
             The game lasted 00:04:15 (1024 turns).

AcesWolf the Skirmisher (Demonspawn Berserker)      Turns: 1024, Time: 00:04:16

Health: -6/29      AC:  2    Str: 17    XL:     3   Next: 10%
Magic:  0/3        EV: 12    Int:  8    God:    Trog [**....]
Gold:   36         SH:  0    Dex: 13    Spells: 2/2 levels left

rFire    . . .     SeeInvis .   a - +0 falchion
rCold    . . .     Gourm    .   (no shield)
rNeg     . . .     Faith    .   b - +0 animal skin
rPois    .         Spirit   +   (no helmet)
rElec    .         Reflect  .   (no cloak)
rCorr    .         Harm     .   (no gloves)
MR       .....                  (no boots)
Stlth    +.........             (no amulet)
HPRegen  0.09/turn              (no ring)
MPRegen  0.08/turn              (no ring)

@: no status effects
A: sense surroundings 1, evolution 1, magic shield
a: Berserk, Trog's Hand, Renounce Religion


You were on level 2 of the Dungeon.
You worshipped Trog.
Trog was pleased with you.
You were not hungry.

You visited 1 branch of the dungeon, and saw 2 of its levels.

You collected 36 gold pieces.

Inventory:

Hand Weapons
 a - a +0 falchion (weapon)
Armour
 b - a +0 animal skin (worn)
Scrolls
 d - a scroll of remove curse
 e - a scroll of identify
Comestibles
 c - a ration
 f - 3 chunks of flesh


   Skills:
 + Level 3.3 Fighting
 + Level 3.3 Long Blades
 + Level 1.8 Armour
 + Level 2.1 Dodging


You had 2 spell levels left.
You didn't know any spells.
Your spell library was empty.

Dungeon Overview and Level Annotations

Branches:
Dungeon (2/15)

Altars:


Innate Abilities, Weirdness & Mutations

When hurt, damage is shared between your health and your magic reserves.
You passively map a small area around you.
You evolve.


Message History

You hit the hobgoblin.
You kill the hobgoblin!
Trog accepts your kill.
You hit the worm.
The worm is lightly wounded.
The worm closely misses you.
You riposte.
You barely miss the worm.
The worm is lightly wounded.
You hit the worm.
The worm is lightly wounded.
The worm closely misses you.
You hit the worm.
The worm is moderately wounded.
The worm bites you!
* * * LOW HITPOINT WARNING * * *
You hit the worm but do no damage.
The worm is lightly wounded.
You barely miss the worm.
The worm is lightly wounded.
The worm bites you!
You die...

, ##.[.
.... *
#....##..
.......?.
,
.........
* *
#......#
** *
#......#,,
, #....w)#
, #.....@#
#......# *
#......##
#.......#
#....<.##
########


You could see a worm.

Vanquished Creatures
  2 dart slugs (D:1)
  A leopard gecko (D:1)
  4 goblins
  3 hobgoblins
  4 jackals (D:1)
  7 bats (D:1)
  3 frilled lizards (D:1)
  2 kobolds (D:1)
  A rat (D:1)
27 creatures vanquished.

Notes
Turn   | Place    | Note
-------+----------+-------------------------------------------
     0 | D:1      | AcesWolf the Demonspawn Berserker began the quest for the
                  | Orb.
     0 | D:1      | Reached XP level 1. HP: 18/18 MP: 1/1
   166 | D:1      | Gained mutation: You evolve. [potion of mutation]
   166 | D:1      | Gained mutation: You passively map a small area around you.
                  | [potion of mutation]
   207 | D:1      | Gained mutation: When hurt, damage is shared between your
                  | health and your magic reserves. [demonic ancestry]
   207 | D:1      | Reached XP level 2. HP: 18/24 MP: 2/2
   834 | D:1      | Reached ** piety under Trog
   837 | D:1      | Reached XP level 3. HP: 29/29 MP: 3/3
  1022 | D:2      | HP: 1/29 [worm (6)]
  1024 | D:2      | Mangled by a worm

Illustrated notes

Levels and vault maps discovered:
D:1:      dpeg_arrival_boxes_within_box, layout_loops_ring
D:2:      layout_rooms, okawaru_trees_2

Skill      XL: |  1  2 |
---------------+-------+-----
Long Blades    | 3 |  3.3
Dodging        | 2 |  2.1
Fighting       | |  3.3
Armour         | |  1.8

Action                   || total
-------------------------++-------
Melee: Falchion          ||    67
  Use: Potion            ||     3
       Scroll            ||     1
 Stab: Distracted        ||     1
Armor: Animal skin       ||    24
Dodge: Dodged            ||    58
       Rpst.: Falchion   ||    23

Table legend:
 A = Non-vault XP
 B = Vault XP
 C = Vault XP percentage of total XP
 D = Non-vault monster count
 E = Vault monster count
 F = Vault count percentage of total count
                 A         B        C        D         E       F
            +---------+---------+-------+---------+---------+-------
      Total |      47 |       0 |   0.0 |      27 |       0 |   0.0
            +---------+---------+-------+---------+---------+-------
        D:1 |      44 |       0 |   0.0 |      25 |       0 |   0.0
        D:2 |       3 |       0 |   0.0 |       2 |       0 |   0.0
            +---------+---------+-------+---------+---------+-------
